 Dungeon Crawl Stone Soup version 0.31-a0-1165-g196b491b36 (webtiles) character file.

Game seed: 3747894192750050995

542 DApurpleWHUMPUS the Fighter (level 7, -4/71 HPs)
             Began as a Minotaur Fighter on Dec 9, 2023.
             Slain by a gnoll sergeant
             ... wielding a +7 flail
              (15 damage)
             ... on level 4 of the Dungeon.
             The game lasted 00:03:15 (2671 turns).

DApurpleWHUMPUS the Fighter (Minotaur Fighter)      Turns: 2671, Time: 00:03:16

Health: -4/71      AC:  8    Str: 21    XL:     7   Next: 6%
Magic:  6/6        EV:  9    Int:  5    God:
Gold:   388        SH:  4    Dex: 11    Spells: 6/6 levels left

rFire   . . .        i - +1 war axe (flame)
rCold   . . .        c - +0 buckler
rNeg    + . .        b - +0 scale mail
rPois   .            (helmet restricted)
rElec   .            n - +0 cloak
rCorr   .            (no gloves)
SInv    .            (no boots)
Will    .....        (no amulet) Stlth
                     g - ring of positive energy
HPRegen 0.31/turn    (no ring)
MPRegen 0.10/turn

%: no passive effects
@: attractive, hasted, invisible, very quick
A: horns 2, retaliatory headbutt
a: no special abilities


You were on level 4 of the Dungeon.
You visited 1 branch of the dungeon, and saw 4 of its levels.

You collected 388 gold pieces.

Inventory:

Hand Weapons
 a - a +0 war axe
 i - a +1 war axe of flaming (weapon)
Armour
 b - a +0 scale mail (worn)
 c - a +0 buckler (worn)
 n - a +0 cloak (worn)
Jewellery
 g - a ring of positive energy (left hand)
Scrolls
 e - a scroll of poison
 h - a scroll of teleportation
 m - a scroll of noise {unknown}
 o - a scroll of brand weapon {unknown}
 p - 2 scrolls of identify {unknown}
 q - a scroll of immolation {unknown}
 r - a scroll of vulnerability {unknown}
Potions
 d - a potion of might
 j - 2 potions of haste
 l - a potion of heal wounds {unknown}


   Skills:
 * Level 9.7 Fighting
 - Level 2.4 Axes
 - Level 3.6 Armour
 - Level 3.6 Shields


You had 6 spell levels left.
You didn't know any spells.
Your spell library contained the following spells:

 Spells                   Type           Power      Damage    Failure   Level
 Foxfire                  Conj/Fire      0%         2x1d4     87%         1
 Magic Dart               Conj           0%         1d3       87%         1
 Sandblast                Erth           0%         2d4       87%         1
 Call Imp                 Summ           0%         N/A       95%         2
 Cigotuvi's Dreadful Rot  Necr/Pois/Air  0%         N/A       95%         2
 Passwall                 Tmut/Erth      0%         N/A       95%         2
 Ignite Poison            Fire/Tmut/Pois 0%         N/A       99%         3
 Mephitic Cloud           Conj/Pois/Air  0%         N/A       99%         3
 Stone Arrow              Conj/Erth      0%         3d7       99%         3
 Brom's Barrelling Bould  Conj/Erth      0%         2d3       100%        4
 Freezing Cloud           Conj/Ice/Air   0%         6-21      100%        5
 Plasma Beam              Fire/Air       0%         2x1d10    100%        6
 Starburst                Conj/Fire      0%         6d3       100%        6


Dungeon Overview and Level Annotations

Branches:
Dungeon (4/15)
 Temple: D:4-7

Altars:
Hepliaklqana
Wu Jian

Shops:
D:1 =:=


Innate Abilities, Weirdness & Mutations

You have a pair of horns on your head.
You reflexively headbutt those who attack you in melee.


Message History

The gnoll sergeant is lightly wounded.
The gnoll sergeant hits you with a +7 flail!
The gnoll sergeant hits you with a +7 flail.
A gnoll sergeant is nearby!
You hit the gnoll sergeant. You burn the gnoll sergeant.
The gnoll sergeant is lightly wounded.
The gnoll sergeant hits you with a +7 flail.
A gnoll sergeant is nearby!
The gnoll sergeant blocks your attack.
Your headbutt misses the gnoll sergeant.
The gnoll sergeant is lightly wounded.
The gnoll sergeant hits you with a +7 flail!
A gnoll sergeant is nearby!
The gnoll sergeant blocks your attack.
The gnoll sergeant is lightly wounded.
The gnoll sergeant hits you with a +7 flail! x2
* * * LOW HITPOINT WARNING * * *
You are too injured to fight recklessly!
A gnoll sergeant is nearby!
You are too injured to fight recklessly!
A gnoll sergeant is nearby!
It was a potion of haste.
You feel yourself speed up.
The gnoll sergeant completely misses you.
It was a potion of attraction.
You feel attractive to monsters.
The gnoll sergeant hits you with a +7 flail!
* * * LOW HITPOINT WARNING * * *
Okay, then.
The gnoll sergeant is attracted toward you.
The gnoll sergeant attacks as it pursues you!
The gnoll sergeant hits you but does no damage.
The gnoll sergeant is attracted toward you.
The gnoll sergeant is attracted toward you.
The gnoll sergeant is attracted toward you.
It was a potion of invisibility.
You fade into invisibility!
You block the gnoll sergeant's attack.
The gnoll sergeant is attracted toward you.
The gnoll sergeant hits you with a +7 flail!
You die...

#§§.#......##########.
#§§§#......#.......##.
#########§§§#......#.####.###.
#......##§§.##.......# ##.###.
#......#§§.§§#...##### #...##.
#.........§§.....# #...##.
#.......##.......#######...#..
#.......###...........##.....#
####.......#
#..@........##....##
...........#
#.§g........#.....##
...........#
#...................
...........#
#................##.
...........#
#............#.####.
...........# #.....#........#
## ...........#
#.....#........# ##
.......########.........>...#
#.
.......#........###.........#
#.


You could see a gnoll sergeant (unable to see you).

Vanquished Creatures
  Edmund (D:4)
  A water moccasin (D:4)
  A centaur (D:3)
  A bullfrog (D:3)
  Terence (D:2)
  An iguana (D:4)
  4 adders
  2 ufetubi (D:4)
  2 dart slugs
  5 orcs
  5 endoplasms
  2 giant cockroaches
  6 goblins
  7 hobgoblins
  5 jackals (D:2)
  A quokka (D:3)
  6 ball pythons
  6 bats
  2 frilled lizards (D:2)
  10 kobolds
  5 rats
74 creatures vanquished.

Notes
Turn   | Place    | Note
-------+----------+-------------------------------------------
     0 | D:1      | DApurpleWHUMPUS the Minotaur Fighter began the quest for
                  | the Orb.
     0 | D:1      | Reached XP level 1. HP: 19/19 MP: 0/0
    65 | D:1      | Found Vihe's Jewellery Emporium.
   218 | D:1      | Reached skill level 4 in Fighting
   264 | D:1      | Found a faded altar of an unknown god.
   264 | D:1      | Found Teonu's Jewellery Boutique.
   268 | D:1      | Found Maics's Book Shoppe.
   272 | D:1      | Reached XP level 2. HP: 28/28 MP: 1/1
   749 | D:2      | Found an ornate altar of the Wu Jian Council.
   967 | D:2      | Reached skill level 5 in Fighting
   967 | D:2      | Reached XP level 3. HP: 34/36 MP: 2/2
  1077 | D:2      | Noticed Terence
  1082 | D:2      | Killed Terence
  1083 | D:2      | Reached skill level 6 in Fighting
  1083 | D:2      | Reached XP level 4. HP: 38/44 MP: 3/3
  1338 | D:2      | Identified a scroll of acquirement
  1338 | D:2      | Acquired a +1 war axe of flaming
  1784 | D:3      | Noticed a centaur
  1784 | D:3      | Noticed a bullfrog
  1791 | D:3      | Killed a bullfrog
  1792 | D:3      | Reached skill level 7 in Fighting
  1792 | D:3      | Reached XP level 5. HP: 38/52 MP: 4/4
  1792 | D:3      | Killed a centaur
  1793 | D:3      | Reached skill level 8 in Fighting
  1909 | D:3      | Reached XP level 6. HP: 53/61 MP: 5/5
  2439 | D:4      | Noticed Edmund
  2444 | D:4      | Killed Edmund
  2445 | D:4      | Reached skill level 9 in Fighting
  2507 | D:4      | Noticed a water moccasin
  2516 | D:4      | Killed a water moccasin
  2517 | D:4      | Reached XP level 7. HP: 48/71 MP: 6/6
  2648 | D:4      | Found a hazy altar of Hepliaklqana.
  2671 | D:4      | Slain by a gnoll sergeant

Illustrated notes

Levels and vault maps discovered:
D:1:      minmay_arrival_wavy_path, layout_basic, serial_shops, shop,
          nicolae_shop_real_fake_doors, shop, basic_ecumenical_altar,
          dreamdust_wishing_well
D:2:      minmay_chambers_of_twos, layout_basic, basic_altar, uniq_terence
D:3:      layout_rooms, minmay_divided_ellipse
D:4:      layout_basic, beargit_hepliaklqana_dungeon_heroes, uniq_edmund

Skill      XL: |  1  2  3  4  5  6 |
---------------+-------------------+-----
Fighting       | 4 5 6 7 8 9 |  9.7
Axes           | |  2.4
Armour         | |  3.6
Shields        | |  3.6

Action                     |  1- 3 |  4- 6 |  7- 9 || total
---------------------------+-------+-------+-------++-------
  Melee: War axe           |    58 |    80 |     6 ||   144
         Headbutt          |     9 |    10 |     2 ||    21
    Use: Scroll            |       |     4 |       ||     4
         Potion            |       |       |     3 ||     3
 Armour: Scale mail        |    33 |    81 |     9 ||   123
  Dodge: Dodged            |    32 |    64 |     2 ||    98
  Block: Buckler           |    15 |    22 |     1 ||    38

Table legend: (Time is in decaauts)
 A = Elapsed time spent in this place.
 B = Non-inter-level travel time spent in this place.
 C = Inter-level travel time spent in this place.
 D = Time resting spent in this place.
 E = Time spent auto-exploring this place.
 F = Levels seen in this place.
 G = Mean time per level.
                   A        B        C        D        E       F      G
               +--------+--------+--------+--------+--------+-----+--------+
         Total |   2723 |   2665 |     58 |      0 |   2207 |   4 |  680.8 |
       Dungeon |   2723 |   2665 |     58 |      0 |   2207 |   4 |  680.8 |
               +--------+--------+--------+--------+--------+-----+--------+

Top non-repeatable levels by time:
     D:2: 879 daAuts
     D:1: 659 daAuts
     D:3: 607 daAuts
     D:4: 576 daAuts
